 Dungeon Crawl Stone Soup version 0.25-a0-729-g14964f1db5 (webtiles) character file.

Game seed: 307491626492812472, levelgen mode: deterministic

715 Glundar the Covered (level 8, -7/61 HPs)
             Began as a Human Fighter on Apr 7, 2020.
             Was a Follower of Okawaru.
             Mangled by an ogre
             ... wielding a +0 giant spiked club
              (12 damage)
             ... on level 6 of the Dungeon.
             The game lasted 00:15:46 (5799 turns).

Glundar the Covered (Human Fighter)                 Turns: 5799, Time: 00:15:46

Health: -7/61      AC:  7    Str: 19    XL:     8   Next: 1%
Magic:  8/8        EV:  8    Int:  9    God:    Okawaru [*.....]
Gold:   224        SH:  9    Dex: 12    Spells: 7/7 levels left

rFire    . . .     SeeInvis +   a - +2 mace (protect)
rCold    . . .     Gourm    .   c - +0 kite shield
rNeg     + . .     Faith    .   e - +1 ring mail {MR+}
rPois    .         Spirit   .   (no helmet)
rElec    .         Reflect  .   (no cloak)
rCorr    .         Harm     .   (no gloves)
MR       +....                  (no boots)
Stlth    +.........             (no amulet)
HPRegen  0.20/turn              o - ring of positive energy
MPRegen  0.11/turn              r - ring of see invisible

@: no status effects
A: no striking features
a: Heroism, Renounce Religion


You were on level 6 of the Dungeon.
You worshipped Okawaru.
Okawaru was aware of your devotion.
You were near starving.

You visited 2 branches of the dungeon, and saw 7 of its levels.

You collected 224 gold pieces.

Inventory:

Hand Weapons
 a - a +2 mace of protection (weapon)
 b - a +0 hunting sling
 d - a +0 war axe
 x - the cursed +0 dagger of Trauma {vorpal, rElec Str+3 Int+4, unknown}
   (You found it on level 4 of the Dungeon)

   It inflicts extra damage upon your enemies.
   It affects your strength (+3).
   It affects your intelligence (+4).
   It insulates you from electricity.
   It has a curse placed upon it.
 z - a +0 short sword of venom
Missiles
 j - 76 stones (quivered)
 l - 11 poisoned darts
 n - 53 sling bullets
Armour
 c - a +0 kite shield (worn)
 e - a +1 ring mail of magic resistance (worn)
 u - a +0 tower shield
Jewellery
 o - a ring of positive energy (left hand)
 r - a ring of see invisible (right hand)
Wands
 q - a wand of digging (5)
Scrolls
 g - a scroll of enchant armour
 h - 3 scrolls of teleportation
 k - 2 scrolls of immolation {unknown}
 m - 2 scrolls of remove curse
 y - 2 scrolls of blinking {unknown}
 A - a scroll of enchant weapon {unknown}
Potions
 i - a potion of haste
 p - 2 potions of invisibility
 s - 3 potions of curing
 t - a potion of berserk rage {unknown}
 v - 2 potions of lignification {unknown}
 w - a potion of degeneration {unknown}
Comestibles
 f - 15 rations


   Skills:
 + Level 4.5 Fighting
 + Level 4.3 Axes
 + Level 3.1 Slings
 + Level 4.7 Armour
 - Level 0.2 Dodging
 + Level 4.7 Shields


You had 7 spell levels left.
You didn't know any spells.
Your spell library contained the following spells:

 Spells                   Type           Power        Failure   Level  Hunger
 Magic Dart               Conj           #...         95%         1    ##.....
 Blink                    Tloc           N/A          98%         2    ###....
 Call Imp                 Summ           #.......     98%         2    ###....
 Slow                     Hex            #.......     98%         2    ###....
 Conjure Flame            Conj/Fire      #.......     100%        3    ####...
 Mephitic Cloud           Conj/Pois/Air  #.......     100%        3    ####...


Dungeon Overview and Level Annotations

Branches:
Dungeon (6/15)             Temple (1/1) D:4

Altars:
Ashenzari
Dithmenos
Elyvilon
Fedhas
Gozag
Hepliaklqana
Kikubaaqudgha
Makhleb
Nemelex Xobeh
Okawaru
Ru
Sif Muna
Trog
Uskayaw
Vehumet
Wu Jian
Xom
Yredelemnul
Zin
The Shining One


Message History

The ogre hits you with a +0 giant spiked club!
Your shield prevents you from hitting the ogre.
The ogre is lightly wounded.
The ogre closely misses you.
You sock the ogre!
The ogre is heavily wounded.
The ogre closely misses you.
You sock the ogre!
The ogre is severely wounded.
The ogre hits you with a +0 giant spiked club!
You are too injured to fight recklessly!
You are too injured to fight recklessly!
You are too injured to fight recklessly!
Your shield prevents you from hitting the ogre.
The ogre is severely wounded.
The ogre hits you with a +0 giant spiked club!!
* * * LOW HITPOINT WARNING * * *
There is a stone staircase leading up here.
The ogre hits you with a +0 giant spiked club!
You die... # . . . .################# ...............O@# ##################

You could see an ogre.

Vanquished Creatures
  2 sky beasts (D:5)
  An ogre (D:5)
  A centaur (D:5)
  A howler monkey (D:4)
  A centaur zombie (D:5)
  2 hounds
  A centaur skeleton (D:5)
  Terence (D:3)
  2 iguanas (D:5)
  4 adders
  A shadow imp (D:5)
  3 oozes
  A worm (D:4)
  A dart slug (D:4)
  3 leopard geckos
  2 orcs
  2 ball pythons
  8 bats
  3 giant cockroaches
  6 goblins
  10 hobgoblins
  4 jackals (D:5)
  11 kobolds
  4 quokkas
  8 frilled lizards
  4 rats
87 creatures vanquished.

Notes
Turn   | Place    | Note
-------+----------+-------------------------------------------
     0 | D:1      | Glundar the Human Fighter began the quest for the Orb.
     0 | D:1      | Reached XP level 1. HP: 18/18 MP: 1/1
    35 | D:1      | Reached XP level 2. HP: 24/24 MP: 2/2
   224 | D:1      | Reached XP level 3. HP: 29/29 MP: 3/3
  1104 | D:2      | Found a hazy altar of Hepliaklqana.
  1269 | D:2      | Reached XP level 4. HP: 33/35 MP: 4/4
  2534 | D:3      | Noticed Terence
  2556 | D:3      | Killed Terence
  2556 | D:3      | Reached skill level 1 in Slings
  2556 | D:3      | Reached XP level 5. HP: 11/41 MP: 5/5
  2816 | D:3      | Found a faded altar of an unknown god.
  3190 | D:3      | Found a blossoming altar of Fedhas.
  3190 | D:3      | Found a shattered altar of Ashenzari.
  3442 | D:4      | Found a staircase to the Ecumenical Temple.
  3752 | Temple   | Entered the Ecumenical Temple
  3804 | Temple   | Became a worshipper of Warmaster Okawaru
  3972 | D:4      | Found an opulent altar of Gozag.
  4009 | D:4      | Reached XP level 6. HP: 48/48 MP: 6/6
  4126 | D:4      | Got a crude dagger
  4293 | D:5      | Entered Level 5 of the Dungeon
  4313 | D:5      | Noticed a sky beast
  4322 | D:5      | Killed a sky beast
  4404 | D:5      | Noticed a sky beast
  4418 | D:5      | Killed a sky beast
  4418 | D:5      | Reached XP level 7. HP: 38/54 MP: 7/7
  5106 | D:5      | Reached * piety under Okawaru
  5514 | D:5      | Reached XP level 8. HP: 53/61 MP: 8/8
  5783 | D:6      | HP: 2/61 [ogre/+0 giant spiked club (25)]
  5799 | D:6      | Mangled by an ogre

Levels and vault maps discovered:
D:1:      wander_arrival_desolate, layout_loops_ring, minmay_shallow_snake_nest
D:2:      layout_basic, lemuel_crystal_altar, chequers_jeans
D:3:      layout_loops_corners, gammafunk_temple_overflow_wave,
          chequers_ecumenical_altar_simple_redux, minmay_checkerbox,
          uniq_terence
D:4:      layout_loops_ring, lemuel_round_altar,
          minmay_temple_entry_stoned_glass, minivault_1
D:5:      layout_loops_ring, first_ration
D:6:      layout_basic, minivault_24, evilmike_ruin_ashenzari
Temple:   nicolae_temple_x_marks_the_god

Skill      XL: |  1  2  3  4  5  6  7 |
---------------+----------------------+-----
Axes           | 3 4 |  4.3
Slings         | 1 2 3 |  3.1
Armour         | 4 |  4.7
Shields        | 4 |  4.7
Fighting       | 4 |  4.5
Dodging        | |  0.2

Action                   |  1- 3 |  4- 6 |  7- 9 || total
-------------------------+-------+-------+-------++-------
Melee: War axe           |   106 |    94 |       ||   200
       Mace              |       |    72 |    88 ||   160
 Fire: Hunting sling     |       |       |    17 ||    17
  Use: Potion            |       |     1 |       ||     1
       Scroll            |       |     6 |       ||     6
  Eat: Chunk             |     1 |    10 |     3 ||    14
Armor: Ring mail         |    53 |    62 |    30 ||   145
       Scale mail        |     1 |       |       ||     1
Dodge: Dodged            |    41 |    56 |    29 ||   126
Block: Kite shield       |    64 |   100 |    38 ||   202

Table legend:
 A = Non-vault XP
 B = Vault XP
 C = Vault XP percentage of total XP
 D = Non-vault monster count
 E = Vault monster count
 F = Vault count percentage of total count
                 A         B        C        D         E       F
            +---------+---------+-------+---------+---------+-------
      Total |     979 |      43 |   4.2 |      82 |       5 |   5.7
            +---------+---------+-------+---------+---------+-------
        D:1 |      53 |       0 |   0.0 |      27 |       0 |   0.0
        D:2 |      45 |       0 |   0.0 |      20 |       0 |   0.0
        D:3 |      17 |      43 |  71.7 |       9 |       5 |  35.7
        D:4 |     126 |       0 |   0.0 |       9 |       0 |   0.0
        D:5 |     738 |       0 |   0.0 |      17 |       0 |   0.0
            +---------+---------+-------+---------+---------+-------
